 Dungeon Crawl Stone Soup version 0.21.1-1-g345015f (webtiles) character file.

6401 empire the Thaumaturge (level 10, 0/70 HPs)
             Began as a Black Draconian Conjurer on June 20, 2018.
             Was a Priest of Sif Muna.
             Slain by a hornet (3 damage)
             ... while paralysed by a hornet
             ... on level 10 of the Dungeon.
             The game lasted 00:33:01 (10908 turns).

empire the Thaumaturge (Black Draconian Conjurer)  Turns: 10908, Time: 00:33:02

Health: 0/70       AC: 14    Str: 15    XL:     10   Next: 66%
Magic:  4/26       EV:  2    Int: 19    God:    Sif Muna [***...]
Gold:   694        SH:  0    Dex: 11    Spells: 11/29 levels left

rFire    + . .     SeeInvis .   a - +2 broad axe (chop)
rCold    . . .     Gourm    .   (no shield)
rNeg     . . .     Faith    .   (armour unavailable)
rPois    .         Spirit   .   (helmet restricted)
rElec    +         Reflect  .   l - +1 cloak
rCorr    .         Harm     .   m - +2 pair of gloves
MR       .....                  g - +1 pair of boots
Stlth    ++........             (no amulet)
HPRegen  0.21/turn              i - ring of protection from fire
MPRegen  0.20/turn              d - +4 ring of strength

@: paralysed, lethally poisoned (0 -> -21), slowed
A: breathe lightning, unfitting armour, big wings, blurry vision 1, frail 1,
high mp 1, electricity resistance, cold-blooded, AC +7
a: Breathe Lightning, Fly, Divine Energy, Channel Magic, Renounce Religion


You were on level 10 of the Dungeon.
You worshipped Sif Muna.
Sif Muna was most pleased with you.
You were not hungry.

You visited 2 branches of the dungeon, and saw 11 of its levels.
You also visited: Ossuary.

You collected 694 gold pieces.

Inventory:

Hand Weapons
 a - a +2 broad axe of chopping (weapon)
 b - a +2 short sword of electrocution
 c - a +1 dagger of speed
 j - a +2 quarterstaff of chaos
 o - a +1 vampiric short sword
 z - a +4 hand axe
Armour
 g - a +1 pair of boots (worn)
 l - a +1 cloak (worn)
 m - a +2 pair of gloves (worn)
 J - a +2 shield
Jewellery
 d - a +4 ring of strength (right hand)
 i - a ring of protection from fire (left hand)
 w - an uncursed ring of positive energy
 G - an uncursed ring of protection from magic
 K - an uncursed ring of ice
Wands
 p - a wand of random effects (21)
 u - a wand of digging (21)
 B - a wand of acid (9)
 C - a wand of clouds (6)
 D - a wand of iceblast (8)
 M - a wand of disintegration (6)
Scrolls
 h - 3 scrolls of fear
 s - 3 scrolls of remove curse
 y - 3 scrolls of amnesia
 A - 2 scrolls of identify
 E - 2 scrolls of teleportation
Potions
 k - 2 potions of flight
 n - 2 potions of brilliance
 q - 2 potions of cancellation
 r - 3 potions of might
 v - 2 potions of heal wounds
 x - 3 potions of agility
 F - a potion of curing
 H - a potion of magic
 L - a potion of lignification
Books
 e - a book of Conjurations

   Spells                             Type                      Level
   a - Magic Dart                     Conjuration                  1
   b - Searing Ray                    Conjuration                  2
   c - Dazzling Spray                 Conjuration/Hexes            3
   d - Fulminant Prism                Conjuration/Hexes            4
   e - Force Lance                    Conjuration/Translocation    4
   f - Iskenderun's Mystic Blast      Conjuration                  4
 t - a book of Flames

   Spells                             Type                      Level
   a - Flame Tongue                   Conjuration/Fire             1
   b - Throw Flame                    Conjuration/Fire             2
   c - Conjure Flame                  Conjuration/Fire             3
   d - Inner Flame                    Hexes/Fire                   3
   e - Sticky Flame                   Conjuration/Fire             4
   f - Fireball                       Conjuration/Fire             5
Comestibles
 f - 15 rations


   Skills:
 - Level 4.0 Fighting
 + Level 2.4 Axes
 - Level 5.0 Dodging
 - Level 3.0 Stealth
 - Level 10.3 Spellcasting
 - Level 7.3 Conjurations
 - Level 5.0 Hexes
 + Level 2.5 Translocations
 + Level 2.5 Fire Magic


You had 11 spell levels left.
You knew the following spells:

 Your Spells              Type           Power        Failure   Level  Hunger
a - Magic Dart            Conj           ####         1%          1    None
b - Searing Ray           Conj           #####.       1%          2    None
c - Dazzling Spray        Conj/Hex       ####..       1%          3    None
d - Iskenderun's Mystic   Conj           #####...     3%          4    ##.....
e - Sticky Flame          Conj/Fire      ####....     10%         4    ##.....
f - Force Lance           Conj/Tloc      ####....     10%         4    ##.....


Dungeon Overview and Level Annotations

Branches:
Dungeon (10/15)            Temple (1/1) D:6            Lair (0/6) D:9
    Orc (0/2) D:9

Altars:
Ashenzari
Cheibriados
Dithmenos
Elyvilon
Fedhas
Gozag
Hepliaklqana
Kikubaaqudgha
Makhleb
Nemelex Xobeh
Okawaru
Qazlal
Ru
Sif Muna
Trog
Uskayaw
Vehumet
Wu Jian
Xom
Yredelemnul
Zin
The Shining One

Shops:
D:7 ?


Innate Abilities, Weirdness & Mutations

You can breathe wild blasts of lightning.
Your glossy black scales are hard. (AC +7)
You cannot fit into any form of body armour.
You are resistant to electric shocks. (rElec)
You are cold-blooded and may be slowed by cold attacks.
Your large and strong wings let you fly indefinitely.
Scrolls take you a little longer to read.
You are frail. (-10% HP)
You have an increased reservoir of magic. (+10% MP)


Message History

Casting: Iskenderun's Mystic Blast
Confirm with . or Enter, or press ? or * to list all spells.
You don't have enough magic to cast that spell.
Unknown command.
You miss the hornet.
The hornet is almost dead.
You feel sick. The hornet closely misses you. The hornet stings you!
You feel yourself slow down. The hornet stings you.
You suddenly lose the ability to move!
The hornet stings you!!
* * * LOW HITPOINT WARNING * * *
You are lethally poisoned!
You feel as though you will be slow longer.
* * * LOW HITPOINT WARNING * * *
You feel sick. The hornet stings you.
* * * LOW HITPOINT WARNING * * *
You are more poisoned.
You feel as though you will be slow longer.
The hornet stings you.
You die...

#.# ###+###### #....... #.##
#####.## #..# #..# ##.# ##.#
####.#### +#### ####'# #.......#
....# #...†. #.......# #### #...#
###..... #......## #.#a##...#
##.'..... #......# #.#y@...#
#..#..... #......# #.##...#
##.##..... #......## #a#.#...#
#..##.....
#.......#########...####.###.....
#.......##.##......>##...# #.....
#.......##.##.......#..### ######
#..........##.......'.##
#.......#####.......### #########
#########


You could see 2 soldier ants and a hornet.

Vanquished Creatures
  An unseen horror (D:10)
  A troll (D:9)
  A hornet (D:10)
  Sigmund (D:3)
  2 hippogriffs (D:9)
  A hungry ghost (D:8)
  Menkaure (D:4)
  3 orc warriors
  2 ice beasts
  2 phantoms
  2 sky beasts (D:10)
  3 black bears (D:8)
  A necrophage (D:8)
  6 ogres
  2 centaurs
  6 bullfrogs
  2 elf zombies (Ossuary)
  2 scorpions
  5 wights (D:10)
  4 killer bees (D:10)
  A howler monkey (D:6)
  A crimson imp (D:5)
  2 centaur zombies (D:8)
  5 hounds
  A quasit (D:7)
  9 orc wizards
  2 bullfrog skeletons (D:5)
  5 orc priests
  Crazy Yiuf (D:3)
  2 centaur skeletons
  2 jellies (D:9)
  Jessica (D:3)
  16 worker ants
  Terence (D:3)
  Natasha (thrice) (D:3)
  A killer bee zombie (D:7)
  A hound zombie (D:5)
  4 mummies (Ossuary)
  A howler monkey zombie (D:5)
  15 adders
  4 gnolls (D:7)
  An ooze (D:3)
  4 adder zombies
  An adder skeleton (D:9)
  3 worms
  2 dart slugs (D:1)
  3 leopard geckos
  49 orcs
  4 ball pythons
  9 bats
  3 giant cockroaches
  3 goblins
  9 hobgoblins
  11 jackals
  5 quokkas
  6 frilled lizards
  2 gnoll zombies (Ossuary)
  A hobgoblin zombie (Ossuary)
  4 jackal zombies
  9 kobolds
  A leopard gecko skeleton (D:4)
  An orc zombie (Ossuary)
  A quokka skeleton (D:6)
  8 rats
266 creatures vanquished.

Vanquished Creatures (others)
  An orc wizard (D:3)
  A bat (D:3)
2 creatures vanquished.

Grand Total: 268 creatures vanquished

Notes
Turn   | Place    | Note
-------+----------+-------------------------------------------
     0 | D:1      | empire the Draconian Conjurer began the quest for the Orb.
     0 | D:1      | Reached XP level 1. HP: 14/14 MP: 3/3
   398 | D:1      | Reached XP level 2. HP: 8/20 MP: 5/5
   847 | D:1      | Reached XP level 3. HP: 25/26 MP: 6/6
  1381 | D:2      | Reached XP level 4. HP: 31/33 MP: 7/7
  1774 | D:3      | Learned a level 2 spell: Searing Ray
  1778 | D:3      | Learned a level 3 spell: Dazzling Spray
  1898 | D:3      | Noticed Sigmund
  1912 | D:3      | Killed Sigmund
  1912 | D:3      | Reached XP level 5. HP: 18/38 MP: 1/8
  2038 | D:3      | Reached XP level 6. HP: 38/45 MP: 9/9
  2063 | D:3      | Noticed Terence
  2074 | D:3      | Killed Terence
  2097 | D:3      | Noticed Jessica
  2111 | D:3      | Killed Jessica
  2241 | D:3      | Noticed Natasha
  2258 | D:3      | Killed Natasha
  2299 | D:3      | Found a sparkling altar of Nemelex Xobeh.
  2354 | D:3      | Reached skill level 5 in Hexes
  2480 | D:3      | Noticed Natasha
  2490 | D:3      | Killed Natasha
  2518 | D:3      | Found a runed door.
  2587 | D:3      | Noticed an ice beast
  2594 | D:3      | Killed an ice beast
  2594 | D:3      | Your scales start taking on a glossy black colour.
  2594 | D:3      | Reached XP level 7. HP: 16/50 MP: 10/10
  2594 | D:3      | Gained mutation: You are resistant to electric shocks. (rElec) [Black Draconian growth]
  3132 | D:3      | Noticed Natasha
  3138 | D:3      | Killed Natasha
  3138 | D:3      | Reached skill level 5 in Conjurations
  3165 | D:3      | Noticed Crazy Yiuf
  3170 | D:3      | Killed Crazy Yiuf
  3313 | D:3      | Found an ancient bone altar of Kikubaaqudgha.
  3720 | D:4      | Noticed Menkaure
  3727 | D:4      | Killed Menkaure
  4128 | D:5      | Entered Level 5 of the Dungeon
  4432 | D:5      | Reached XP level 8. HP: 48/57 MP: 11/11
  4449 | D:5      | Learned a level 4 spell: Iskenderun's Mystic Blast
  4530 | D:5      | Found an ornate altar of the Wu Jian Council.
  4891 | D:5      | Reached skill level 3 in Spellcasting
  5158 | D:5      | Found a shadowy altar of Dithmenos.
  5161 | D:5      | Found a stormy altar of Qazlal.
  5167 | D:5      | Found a hazy altar of Hepliaklqana.
  5552 | D:6      | Found a staircase to the Ecumenical Temple.
  5562 | Temple   | Entered the Ecumenical Temple
  5682 | Temple   | Became a worshipper of Sif Muna the Loreminder
  5936 | D:6      | Reached skill level 4 in Spellcasting
  6139 | D:6      | Reached skill level 5 in Spellcasting
  6285 | D:7      | Found a sand-covered staircase.
  6294 | D:7      | Reached skill level 1 in Fighting
  6316 | Ossuary  | Entered an ossuary
  6317 | Ossuary  | Gained mutation: You have an increased reservoir of magic. (+10% MP) [potion of mutation]
  6317 | Ossuary  | Gained mutation: You are frail. (-10% HP) [potion of mutation]
  6317 | Ossuary  | Gained mutation: Scrolls take you a little longer to read. [potion of mutation]
  6317 | Ossuary  | Gained mutation: Your large and strong wings let you fly indefinitely. [potion of mutation]
  7012 | D:7      | Reached XP level 9. HP: 27/63 MP: 1/18
  7051 | D:7      | HP: 2/63 [ice beast (14)]
  7394 | D:7      | Reached skill level 5 in Dodging
  7484 | D:7      | Reached * piety under Sif Muna
  7499 | D:7      | Reached skill level 6 in Spellcasting
  7803 | D:7      | Found Situkipn's Magic Scroll Boutique.
  8261 | D:8      | Reached skill level 7 in Spellcasting
  8637 | D:8      | Reached ** piety under Sif Muna
  8728 | D:8      | Reached skill level 8 in Spellcasting
  9212 | D:9      | Reached XP level 10. HP: 70/70 MP: 3/25
  9286 | D:9      | Reached skill level 9 in Spellcasting
  9385 | D:9      | Found a staircase to the Orcish Mines.
  9706 | D:9      | Found a bloodstained altar of Trog.
  9718 | D:9      | Found a sacrificial altar of Ru.
  9928 | D:9      | Found a staircase to the Lair.
 10116 | D:10     | Entered Level 10 of the Dungeon
 10177 | D:10     | Killed an unseen horror
 10177 | D:10     | Reached *** piety under Sif Muna
 10177 | D:10     | Reached skill level 10 in Spellcasting
 10189 | D:10     | Learned a level 4 spell: Sticky Flame
 10194 | D:10     | Learned a level 4 spell: Force Lance
 10224 | D:10     | Reached skill level 1 in Translocations
 10362 | D:10     | Reached skill level 1 in Axes
 10362 | D:10     | Reached skill level 1 in Fire Magic
 10906 | D:10     | Paralysed by a hornet for 3 turns
 10908 | D:10     | HP: 3/70 [hornet (3)]
 10908 | D:10     | Slain by a hornet

Skill      XL: |  1  2  3  4  5  6  7  8  9 10 |
---------------+-------------------------------+-----
Dodging        | 2 3 4 5 |  5.0
Stealth        | 2 3 |  3.0
Hexes          | 3 5 |  5.0
Conjurations   | 7 |  7.3
Spellcasting   | 5 8 10 | 10.3
Fighting       | 4 |  4.0
Translocations | 2 |  2.5
Axes           | 2 |  2.4
Fire Magic     | 2 |  2.5

Action                   |  1- 3 |  4- 6 |  7- 9 | 10-12 || total
-------------------------+-------+-------+-------+-------++-------
Melee: Whip              |    61 |       |       |       ||    61
       Unarmed           |     7 |       |       |       ||     7
       Tailslap          |     8 |     8 |    37 |     9 ||    62
       Short sword       |    29 |    89 |       |       ||   118
       Broad axe         |       |    18 |   363 |    81 ||   462
 Cast: Magic Dart        |    16 |       |    27 |     1 ||    44
       Searing Ray       |       |     1 |     3 |       ||     4
       Iskenderun's Myst |       |       |    54 |    51 ||   105
 Abil: Breathe Lightning |       |       |     3 |     1 ||     4
  Use: Potion            |     2 |     2 |     4 |       ||     8
       Scroll            |       |     5 |    22 |     4 ||    31
 Stab: Sleeping          |     3 |     7 |     4 |     3 ||    17
       Distracted        |       |       |     2 |       ||     2
  Eat: Chunk             |     1 |     5 |    16 |     9 ||    31
       Ration            |       |       |     4 |       ||     4
Armor: Skin              |    46 |    37 |   301 |   132 ||   516
Dodge: Dodged            |    80 |    74 |   463 |   159 ||   776
